 Dungeon Crawl Stone Soup version 0.22-a0-305-gd21a89c (webtiles) character file.

218 Tielong the Firebug (level 5, -1/41 HPs)
             Began as a Hill Orc Fire Elementalist on Mar 30, 2018.
             Slain by an orc
             ... wielding a +3 war axe
              (7 damage)
             ... on level 4 of the Dungeon.
             The game lasted 00:35:45 (2426 turns).

Tielong the Firebug (Hill Orc Fire Elementalist)    Turns: 2426, Time: 00:35:45

Health: -1/41      AC:  3    Str: 11    XL:     5   Next: 95%
Magic:  2/8        EV: 12    Int: 16    God:
Gold:   64         SH:  0    Dex: 11    Spells: 7/8 levels left

rFire    . . .     SeeInvis .   s - +0 hand axe
rCold    . . .     Gourm    .   (no shield)
rNeg     . . .     Faith    .   f - +0 leather armour
rPois    .         Spirit   .   (no helmet)
rElec    .         Reflect  .   (no cloak)
rCorr    .         Harm     .   (no gloves)
MR       .....                  (no boots)
Stlth    ++........             (no amulet)
HPRegen  0.13/turn              (no ring)
MPRegen  0.11/turn              (no ring)

@: very slightly contaminated
A: no striking features
a: no special abilities


You were on level 4 of the Dungeon.
You were full.

You visited 1 branch of the dungeon, and saw 3 of its levels.

You collected 64 gold pieces.

Inventory:

Hand Weapons
 b - a +0 club
 d - a +0 whip
 j - a +0 short sword
 l - a cursed +0 dagger
 n - a +0 dagger
 r - a +0 dagger of venom
 s - a +0 hand axe (weapon)
 t - a +0 hunting sling
Missiles
 h - 42 bolts (quivered)
 m - 25 stones
 x - 17 arrows
Armour
 a - a +0 robe
 f - a +0 leather armour (worn)
 q - a +0 robe
Scrolls
 e - 2 scrolls of magic mapping {unknown}
 k - a scroll of immolation {unknown}
 o - a scroll of identify {unknown}
 p - a scroll of remove curse {unknown}
 v - a scroll of teleportation {unknown}
 w - a scroll of enchant armour {unknown}
Potions
 c - a potion of haste {unknown}
 g - a potion of resistance {unknown}
 i - a potion of brilliance {unknown}
Comestibles
 u - a ration


   Skills:
 + Level 1.6 Fighting
 + Level 1.2 Axes
 - Level 1.7 Armour
 + Level 2.7 Dodging
 - Level 1.8 Stealth
 - Level 1.0 Unarmed Combat
 * Level 2.4 Spellcasting
 - Level 2.0 Conjurations
 * Level 3.8 Fire Magic


You had 7 spell levels left.
You knew the following spells:

 Your Spells              Type           Power        Failure   Level  Hunger
a - Flame Tongue          Conj/Fire      ##...        8%          1    #......


Dungeon Overview and Level Annotations

Branches:
Dungeon (2/15)

Altars:

Annotations:
D:1 2 exclusions


Message History

Press: ? - help, Shift-Dir - straight line, f - orc wizard
Aim: an orc wizard, wielding a dagger and wearing a robe (moderately wounded, fast)
The flame tongue hits the orc wizard.
The orc wizard appears unharmed.
The orc wizard is moderately wounded.
The orc wizard barely misses you.
You closely miss the orc wizard.
The orc wizard is moderately wounded.
The orc wizard casts a spell.
The orc wizard blinks!
The orc wizard hits you but does no damage.
Casting: Flame Tongue (safe; 8% risk of failure)
Confirm with . or Enter, or press ? or * to list all spells.
Aiming: Flame Tongue (safe; 8% risk of failure)
Press: ? - help, Shift-Dir - straight line, f/p - orc wizard
Aim: an orc wizard, wielding a dagger and wearing a robe (moderately wounded, fast)
The flame tongue hits the orc wizard.
The orc wizard is severely wounded.
The orc wizard hits you but does no damage.
The orc hits you with an enchanted war axe!
You die...

#........# #......
########o.......# #......
#........(......# #......
#..o............#+###......
#......(.(.............†...
##..........................
........(.............######
.........##o#####.....#.....
......)(.+o@....'.....#.....
.$......(#......#.....#.....
..#+######......#######.....
#......##...##.....
.##......##....#.....
...............#.....
###......#######.....
#......##...##.....
#......##...##.....


You could see 2 orc wizards and an orc.

Vanquished Creatures
  2 phantoms (D:4)
  An adder (D:4)
  An ooze (D:4)
  An orc (D:4)
  5 giant cockroaches
  4 goblins
  5 jackals
  7 kobolds
  3 bats (D:2)
  5 frilled lizards
  A rat (D:1)
35 creatures vanquished.

Notes
Turn   | Place    | Note
-------+----------+-------------------------------------------
     0 | D:1      | Tielong the Hill Orc Fire Elementalist began the quest for the Orb.
     0 | D:1      | Reached XP level 1. HP: 14/14 MP: 3/3
     3 | D:1      | Noticed an electric eel
     4 | D:1      | Noticed an electric eel
   229 | D:1      | Reached XP level 2. HP: 5/20 MP: 0/4
   989 | D:1      | You fall through a shaft!
  1132 | D:2      | Reached XP level 3. HP: 16/27 MP: 2/6
  1575 | D:2      | You fall through a shaft for 2 floors!
  1655 | D:4      | Noticed a phantom
  1670 | D:4      | Killed a phantom
  1670 | D:4      | Reached skill level 1 in Fighting
  1670 | D:4      | Reached skill level 1 in Armour
  1670 | D:4      | Reached skill level 1 in Unarmed Combat
  1670 | D:4      | Reached XP level 4. HP: 29/35 MP: 0/7
  1670 | D:4      | Reached XP level 5. HP: 33/40 MP: 0/8
  1762 | D:4      | Noticed a phantom
  1826 | D:4      | Killed a phantom
  1826 | D:4      | Reached skill level 1 in Axes
  2426 | D:4      | Slain by an orc

Vault maps used:
D:1:      arrival_aquarium_b, nrook_mini_backslash
D:2:      lemuel_statue_altar, uniq_jessica
D:4:      first_ration, serial_shops, kennysheep_mini_moat

Skill      XL: |  1  2  3  4  5 |
---------------+----------------+-----
Spellcasting   | 2 |  2.4
Dodging        | 2 |  2.7
Fighting       | 1 |  1.6
Armour         | 1 |  1.7
Unarmed Combat | 1 |  1.0
Conjurations   | 2 |  2.0
Axes           | 1 |  1.2
Stealth        | |  1.8
Fire Magic     | |  3.8

Action                   |  1- 3 |  4- 6 || total
-------------------------+-------+-------++-------
Melee: Unarmed           |    26 |       ||    26
       Hand axe          |    37 |    22 ||    59
       Whip              |     2 |       ||     2
       Short sword       |     2 |       ||     2
 Cast: Flame Tongue      |    43 |    20 ||    63
  Eat: Ration            |     2 |     1 ||     3
Armor: Robe              |     5 |       ||     5
       Leather armour    |    17 |     9 ||    26
Dodge: Dodged            |    58 |    20 ||    78

Table legend:
 A = Spawn XP
 B = Non-spawn XP
 C = Spawn XP percentage of total XP
 D = Spawn monster count
 E = Non-spawn monster count
 F = Spawn count percentage of total count
 G = Total turns spent on level
                    A         B        C        D         E        F      G
               +---------+---------+-------+---------+---------+-------+---------
         Total |       0 |     312 |   0.0 |       0 |      35 |   0.0 |  2426
               +---------+---------+-------+---------+---------+-------+---------
           D:1 |       0 |      25 |   0.0 |       0 |      17 |   0.0 |   989
           D:2 |       0 |      18 |   0.0 |       0 |      11 |   0.0 |   586
           D:4 |       0 |     269 |   0.0 |       0 |       7 |   0.0 |   851
               +---------+---------+-------+---------+---------+-------+---------
